 Dungeon Crawl Stone Soup version 0.31-a0-851-g7ff8af7976 (webtiles) character file.

Game seed: 15992277244321324155

430410 Gladio the Conqueror (level 25, -12/234 HPs)
             Began as a Formicid Fighter on Oct 7, 2023.
             Was a High Priest of Yredelemnul.
             Killed from afar by an ironbound thunderhulk (47 damage)
             ... with a bolt of lightning
             ... led by a vault warden
             ... on level 5 of the Vaults.
             The game lasted 02:44:38 (46583 turns).

Gladio the Conqueror (Formicid Fighter)            Turns: 46583, Time: 02:45:08

Health: -12/234    AC: 37    Str: 26    XL:     25   Next: 6%
Magic:  38/38      EV:  8    Int: 17    God:    Yredelemnul [*****.]
Gold:   3195       SH:  0    Dex: 29    Spells: 24/24 levels left

rFire   . . .        I - +5 demon whip (elec)
rCold   . . .        k - +5 tower shield
rNeg    . . .        X - +9 plate armour "Rorheazimn" {rF- Dex+8}
rPois   .            (helmet unavailable)
rElec   .            u - +0 cloak
rCorr   +            a - +0 pair of gloves
SInv    +            o - +2 pair of boots
Will    +++..        P - amulet "Fuhual" {Reflect rCorr Str-3 Int+9 SH+5} Stlth
                     q - ring of willpower
HPRegen 0.59/turn    V - ring of protection from fire
MPRegen 0.26/turn

%: reflection
@: confused, mighty, ambrosia-drunk, studying 3 skills
A: permanent stasis, dig shafts and tunnels, antennae 3, four strong arms, agile
2, high MP 1, wild magic 1, inability to read after injury 1
}: 2/15 runes: serpentine, barnacled
a: Dig, Shaft Self, Renounce Religion, Recall Undead Harvest, Dark Bargain,
Drain Life, Bind Soul


You were on level 5 of the Vaults.
You worshipped Yredelemnul.
Yredelemnul was most pleased with you.
You visited 9 branches of the dungeon, and saw 38 of its levels.
You visited the Abyss 2 times.
You also visited: Bailey, Gauntlet, Ice Cave and Wizlab.

You collected 5365 gold pieces.
You spent 2170 gold pieces at shops.

Inventory:

Hand Weapons
 I - a +5 demon whip of electrocution (weapon)
Missiles
 c - 6 throwing nets
 B - 3 silver javelins (quivered)
 F - 11 javelins
Armour
 a - a +0 pair of gloves (worn)
 g - the +3 kite shield "Vibbama" {Will++}
   (You took it off Donald on level 4 of the Snake Pit)

   Will++:    It greatly increases your willpower.
 k - a +5 tower shield (worn)
 o - a +2 pair of boots (worn)
 u - a +0 cloak (worn)
 N - the crystal ball of Wucad Mu {*channel}
   (You found it in a wizard's laboratory)

   *Channel:  It often returns the magic spent to cast spells, but lowers their
   success rate.
   It always returns the magic spent on miscasts.
 X - the +9 plate armour "Rorheazimn" (worn) {rF- Dex+8}
   (You found it on level 1 of the Lair of Beasts)

   Dex+8:     It affects your dexterity (+8).
   rF-:       It makes you vulnerable to fire.
Jewellery
 e - a ring of positive energy
 q - a ring of willpower (left hand)
 r - a +5 ring of evasion
 C - a +6 ring of strength
 E - a +6 ring of dexterity
 J - a ring of positive energy
 P - the amulet "Fuhual" (around neck) {Reflect rCorr Str-3 Int+9 SH+5}
   (You found it in a Gauntlet)

   [amulet of reflection]

   Reflect:   It reflects blocked missile attacks.
   Str-3:     It affects your strength (-3).
   Int+9:     It affects your intelligence (+9).
   rCorr:     It protects you from acid and corrosion.
   SH+5:      It affects your SH (+5).
 U - a ring of protection from cold
 V - a ring of protection from fire (right hand)
 Z - a ring of poison resistance
Wands
 m - a wand of flame (39)
 s - a wand of polymorph (12)
 z - a wand of paralysis (44)
 H - a wand of mindburst (53)
 M - a wand of iceblast (8)
 T - a wand of digging (3)
 Y - a wand of light (18)
Scrolls
 f - 3 scrolls of fog
 i - 4 scrolls of immolation
 j - 7 scrolls of noise
 w - 7 scrolls of fear
 y - 3 scrolls of brand weapon
 D - a scroll of torment
 L - 7 scrolls of poison
 S - 5 scrolls of vulnerability
 W - 3 scrolls of silence
Potions
 b - 2 potions of mutation
 d - 3 potions of magic
 l - 17 potions of curing
 n - a potion of cancellation
 p - 3 potions of attraction
 t - 7 potions of ambrosia
 x - 6 potions of lignification
 A - 4 potions of resistance
 G - 2 potions of invisibility
 K - 2 potions of enlightenment
 R - 6 potions of brilliance
Miscellaneous
 O - a lightning rod (4/4)
 Q - a phantom mirror


   Skills:
 O Level 27 Fighting
 + Level 14.7(15.7) Maces & Flails
 - Level 9.1(13.0) Staves
 * Level 2.2 Throwing
 + Level 22.7 Armour
 + Level 22.6 Shields
 + Level 16.3 Invocations


You had 24 spell levels left.
You didn't know any spells.
Your spell library contained the following spells:

 Spells                   Type           Power      Damage    Failure   Level
 Apportation              Tloc           0%         N/A       85%         1
 Kiss of Death            Conj/Necr      0%         2d5       85%         1
 Magic Dart               Conj           0%         1d3       85%         1
 Necrotise                Necr           0%         1d4       85%         1
 Sandblast                Erth           0%         2d4       85%         1
 Slow                     Hex            0%         N/A       85%         1
 Summon Small Mammal      Summ           0%         N/A       85%         1
 Call Imp                 Summ           0%         N/A       93%         2
 Cigotuvi's Dreadful Rot  Necr/Pois/Air  0%         N/A       93%         2
 Ensorcelled Hibernation  Hex/Ice        0%         N/A       93%         2
 Jinxbite                 Hex            0%         N/A       93%         2
 Lesser Beckoning         Tloc           0%         N/A       93%         2
 Momentum Strike          Conj/Tloc      0%         3d8       93%         2
 Passwall                 Tmut/Erth      0%         N/A       93%         2
 Scorch                   Fire           0%         2d5       93%         2
 Static Discharge         Conj/Air       0%         2-2/arc   93%         2
 Sublimation of Blood     Necr           0%         N/A       93%         2
 Wereblood                Tmut           0%         N/A       93%         2
 Confusing Touch          Hex            0%         N/A       99%         3
 Frozen Ramparts          Ice            0%         1d1       99%         3
 Ignite Poison            Fire/Tmut/Pois 0%         N/A       99%         3
 Inner Flame              Hex/Fire       0%         N/A       99%         3
 Mephitic Cloud           Conj/Pois/Air  0%         N/A       99%         3
 Sigil of Binding         Hex            0%         N/A       99%         3
 Stone Arrow              Conj/Erth      0%         3d7       99%         3
 Summon Guardian Golem    Hex/Summ       0%         N/A       99%         3
 Vampiric Draining        Necr           0%         2d6       99%         3
 Airstrike                Air            0%         2d(0-16)  100%        4
 Anguish                  Hex/Necr       0%         N/A       100%        4
 Brom's Barrelling Bould  Conj/Erth      0%         2d3       100%        4
 Dispel Undead            Necr           0%         3d6       100%        4
 Flame Wave               Conj/Fire      0%         2d4       100%        4
 Petrify                  Tmut/Erth      0%         N/A       100%        4
 Sticky Flame             Conj/Fire      0%         2d3       100%        4
 Summon Lightning Spire   Summ/Air       0%         N/A       100%        4
 Alistair's Intoxication  Tmut/Pois      0%         N/A       100%        5
 Freezing Cloud           Conj/Ice/Air   0%         6-21      100%        5
 Metabolic Englaciation   Hex/Ice        0%         N/A       100%        5
 Yara's Violent Unravell  Hex/Tmut       0%         3d3       100%        5
 Summon Cactus Giant      Summ           0%         N/A       100%        6
 Enfeeble                 Hex            0%         N/A       100%        7
 Orb of Destruction       Conj           0%         9d5       100%        7
 Spellforged Servitor     Conj/Summ      0%         N/A       100%        7
 Summon Hydra             Summ           0%         N/A       100%        7
 Ignition                 Fire           0%         3d3       100%        8
 Blink                    Tloc           Unusable   N/A       N/A         2
 Death Channel            Necr           Unusable   N/A       N/A         6

Dungeon Overview and Level Annotations

Branches:
Dungeon (15/15)            Temple (0/1) D:5            Lair (5/5) D:8
 Shoals (4/4) Lair:3        Snake (4/4) Lair:3        Slime (1/5) Lair:4
    Orc (2/2) D:9             Elf (1/3) Orc:2        Vaults (5/5) D:14
  Crypt (0/3) Vaults:2     Depths (0/4) D:15         Bailey (visited)
  IceCv (visited)          WizLab (visited)         Gauntlet (visited)

Altars:
Ashenzari
Cheibriados
Dithmenos
Elyvilon
Fedhas
Gozag
Hepliaklqana
Kikubaaqudgha
Makhleb
Nemelex Xobeh
Okawaru
Qazlal
Ru
Sif Muna
Trog
Uskayaw
Vehumet
Wu Jian
Xom
Yredelemnul
Zin
The Shining One

Shops:
Orc:2 ((*=   Shoals:2 (   Snake:4 (   Vaults:3 *   Vaults:4 ?:=[

Annotations:
Lair:4 3 runed translucent doors, Talonman3's ghost, journeyman DrCj


Innate Abilities, Weirdness & Mutations

You cannot be hasted, slowed, berserked, paralysed or teleported.
You can dig through walls and to a lower floor.
You have a pair of large antennae on your head. (SInv)
Your four strong arms can wield two-handed weapons with a shield.
You are very agile. (Dex +8, Str/Int -2)
You have an increased reservoir of magic. (+10% MP)
Your spells are a little harder to cast, but a little more powerful.
You occasionally lose the ability to read scrolls when taking damage.


Message History

You destroy your spectral ironbound preserver!
You can now drain ambient life force.
Your phantom mirror has recharged.
Your Throwing skill gained 2 levels and is now at level 2!
You have reached level 25!
Your azure jelly zombie is engulfed in blazing flames.
Your spectral vault warden is engulfed in blazing flames.
Your spectral tengu reaver is engulfed in blazing flames.
Your spectral tengu reaver is engulfed in blazing flames.
Your azure jelly zombie is engulfed in blazing flames.
Your spectral vault warden is engulfed in blazing flames.
Your spectral vault warden is engulfed in blazing flames.
You can now bind living souls.
The sentinel's mark upon you fades away.
You can read scrolls again.
You are confused.
You feel invigorated.
The vault guard throws a dart of dispersal.
The dart of dispersal hits your spectral vault warden!
Your spectral vault warden blinks!
An ironbound thunderhulk comes into view.
It is wielding a +0 dire flail.
Electricity crackles from the ironbound thunderhulk's apparatus.
The bolt of lightning hits you!!
* * * LOW HITPOINT WARNING * * *
Your spectral vault warden hits the ironbound thunderhulk but does no damage.
Electricity crackles from the ironbound thunderhulk's apparatus.
The bolt of lightning hits you!!
* * * LOW HITPOINT WARNING * * *
Your spectral vault warden hits the ironbound thunderhulk!!
Your azure jelly zombie hits the vault guard but does no damage.
Your azure jelly zombie closely misses the vault guard.
Your azure jelly zombie hits the vault guard but does no damage.
Your azure jelly zombie closely misses the vault guard.
Your spectral tengu reaver hits the vault guard!
The vault guard dies!
The dead are walking!
Electricity crackles from the ironbound thunderhulk's apparatus.
The bolt of lightning hits you!!!
You die...
Your body rises from the dead as a mindless zombie.

#..#*,,**.,**,,**,
#ZO#,**..#*,,**,,*
#.Z#,##..**,,**,,*
#..#*..#*,,**,,**,
#)Z##..#*,,**,,**,
#ZZ..#*,,**,,**{{*
#....#############
#.................
#@................
##################


You could see an ironbound thunderhulk (ally target), a friendly spectral storm
dragon, a friendly spectral vault warden, a friendly spectral tengu reaver, a
friendly azure jelly zombie and a friendly vault guard zombie.

Vanquished Creatures
  A dread lich (Vaults:5)
  An ancient lich (Vaults:5)
  2 golden dragons (Vaults:5)
  2 tentacled monstrosities (Vaults:5)
  Jorgrun (Snake:3)
  A lich (Vaults:4)
  A quicksilver dragon (Vaults:5)
  A titan (Vaults:5)
  5 sphinxes
  2 tentacled starspawn (Abyss:3)
  2 storm dragons (Vaults:5)
  3 shadow dragons (Vaults:5)
  Gastronok (Lair:3)
  5 tengu reavers (Vaults:5)
  An azure jelly (shapeshifter) (Vaults:5)
  2 frost giants
  11 nagarajas
  2 fire giants (Vaults:5)
  13 vault wardens
  An orc warlord (Bailey)
  6 stone giants
  17 ironbound preservers
  A ghost moth (shapeshifter) (Vaults:5)
  2 war gargoyles
  4 very ugly things (Vaults:5)
  2 formless jellyfish
  4 ironbound thunderhulks
  A vampire knight (Vaults:2)
  A minotaur (Shoals:4)
  2 deep elf annihilators
  9 dire elephants
  Azrael (D:12)
  5 ettins
  An orange crystal statue (WizLab)
  2 merfolk impalers
  3 deep elf death magi
  2 entropy weavers (shapeshifter)
  7 yaktaur captains
  5 great orbs of eyes
  An entropy weaver (Vaults:5)
  A deep elf high priest (Vaults:5)
  2 salamander tyrants
  30 vault guards
  3 hydras
  6 centaur warriors
  2 merfolk avatars
  An ogre mage (D:15)
  2 alligator snapping turtles
  2 anacondas
  A hydra (shapeshifter) (Vaults:5)
  2 tengu warriors
  5 boulder beetles
  5 death yaks (IceCv)
  A dancing weapon (Orc:2)
  9 naga warriors
  9 ironbound frosthearts
  An anaconda (shapeshifter) (D:15)
  A deep troll earth mage (Vaults:5)
  15 two-headed ogres
  11 naga sharpshooters
  7 satyrs
  6 shock serpents
  3 thrashing horrors (Abyss:3)
  2 demonic crawlers (D:15)
  Amaemon (D:8)
  5 hell knights
  Sonja (Lair:3)
  7 skysharks
  A salamander mystic (Snake:4)
  2 sixfirhies
  4 naga ritualists
  7 sea snakes
  5 large abominations (Abyss:3)
  12 ironbound convokers
  6 wizards
  27 deep trolls
  20 harpies
  3 mana vipers
  5 necromancers
  A lindwurm (shapeshifter) (Vaults:5)
  6 lindwurms (Vaults:1)
  2 orc knights
  5 spectral humans (Vaults:5)
  A phantasmal warrior (Vaults:1)
  8 ugly things
  A deep elf zephyrmancer (Elf:1)
  5 fauns
  3 orc sorcerers
  3 human zombies
  3 cyclopes
  9 manticores
  6 salamanders
  Maurice (D:12)
  A centaur zombie (Gauntlet)
  8 merfolk sirens
  25 black mambas
  15 vault sentinels
  4 elephants (Lair:3)
  An ice statue (IceCv)
  An apocalypse crab (Abyss:3)
  A smoke demon (Abyss:3)
  4 guardian serpents (Snake:4)
  3 water nymphs
  2 naga magi
  2 orange demons
  11 cane toads
  A torpor snail (shapeshifter) (Vaults:5)
  10 komodo dragons
  2 ice devils (D:11)
  A yaktaur zombie (Vaults:4)
  A gargoyle (D:11)
  3 rime drakes
  3 freezing wraiths
  21 yaktaurs
  A tengu conjurer (D:15)
  15 merfolk
  2 meliai (D:15)
  A queen bee (D:15)
  12 trolls
  A hornet (Lair:5)
  12 wind drakes
  A spectral orc (Vaults:5)
  15 polar bears
  7 blink frogs
  11 raiju
  6 snapping turtles
  5 dream sheep
  20 slime creatures
  5 wraiths
  8 water elementals
  4 wyverns
  A hog (Lair:1)
  A fire bat (shapeshifter) (D:15)
  3 shadows
  56 yaks
  2 ynoxinuls
  3 fire bats (Abyss:3)
  A vampire (D:12)
  2 fire elementals (D:11)
  12 vampire mosquitoes
  8 basilisks
  A small abomination (Abyss:3)
  2 steam dragons
  A neqoxec (Abyss:3)
  A chaos spawn (Abyss:3)
  An elf simulacrum (Vaults:2)
  A redback (shapeshifter) (Vaults:5)
  14 nagas
  2 acid dragons
  A warg (Orc:1)
  A water nymph zombie (Shoals:2)
  5 hell hounds
  15 water moccasins
  2 ice beasts
  A sky beast (D:8)
  29 orc warriors
  5 black bears
  18 ogres
  24 wolves
  6 centaurs
  2 kobold brigands
  3 phantoms
  11 bullfrogs
  A gnoll sergeant (Orc:2)
  An ogre simulacrum (Vaults:2)
  A human skeleton (Vaults:2)
  4 scorpions
  8 wights
  A human simulacrum (Vaults:4)
  19 killer bees
  7 electric eels
  3 howler monkeys
  2 lava snakes (Lair:3)
  2 hounds
  3 jellies
  16 orc priests
  6 iguanas
  3 iron imps (Gauntlet)
  10 orc wizards
  Robin (D:2)
  11 gnolls
  7 adders
  4 ufetubi (Gauntlet)
  5 worms
  4 dart slugs (D:1)
  58 orcs
  3 bats
  6 endoplasms
  A giant cockroach (D:4)
  20 goblins
  15 hobgoblins
  5 quokkas
  3 training dummies (Shoals:2)
  8 ball pythons
  16 kobolds
  4 rats
  A lurking horror (Abyss:3)
  A starspawn tentacle (Abyss:3)
1162 creatures vanquished.

Vanquished Creatures (collateral kills)
  Mara (Snake:4)
  Vashnia (Snake:4)
  Margery (Vaults:2)
  3 sphinxes
  A quicksilver dragon (Vaults:2)
  A shadow dragon (Vaults:5)
  Donald (Snake:4)
  Aizul (Shoals:1)
  4 nagarajas
  The ghost of Ciar the Earth Mage, an adept GrCj of Vehumet (Snake:2)
  A frost giant (Vaults:3)
  An iron dragon (Vaults:5)
  7 vault wardens
  An orc warlord (Orc:2)
  A war gargoyle (Vaults:3)
  2 very ugly things (Vaults:5)
  6 ironbound preservers
  2 formless jellyfish
  3 ironbound thunderhulks
  A deep elf annihilator (Vaults:5)
  4 dire elephants
  A minotaur (Gauntlet)
  2 ettins
  2 merfolk impalers
  An entropy weaver (Vaults:4)
  2 great orbs of eyes
  3 vault guards
  4 yaktaur captains
  A deep elf high priest (Vaults:5)
  3 merfolk avatars
  A centaur warrior (Shoals:2)
  4 anacondas
  2 ogre magi (Orc:2)
  A death yak (IceCv)
  3 satyrs
  4 naga warriors
  2 merfolk aquamancers (Shoals:2)
  An orc high priest (Orc:2)
  4 two-headed ogres
  5 naga sharpshooters
  4 shock serpents
  A demonic crawler (D:15)
  A hell knight (Vaults:2)
  A thrashing horror (Abyss:3)
  2 salamander mystics
  3 skysharks
  7 sea snakes
  11 deep trolls
  4 ironbound convokers
  A lindwurm (Vaults:4)
  2 wizards
  3 naga ritualists
  12 harpies
  A necromancer (Vaults:4)
  A mana viper (Snake:1)
  3 ugly things (Vaults:4)
  2 cyclopes
  10 salamanders
  3 fauns
  8 manticores
  2 naga magi
  4 vault sentinels
  5 water nymphs
  7 black mambas
  A smoke demon (Abyss:3)
  A human skeleton (Vaults:4)
  7 yaktaurs
  An ancient zyme (Abyss:3)
  A komodo dragon (Lair:5)
  A meliai (D:15)
  10 merfolk
  7 trolls
  2 wind drakes
  A blink frog (Lair:5)
  3 dream sheep
  6 snapping turtles
  A raiju (D:14)
  4 slime creatures
  3 water elementals (Shoals:2)
  2 black mamba zombies
  A yak (Lair:5)
  6 nagas
  5 orc warriors
  A small abomination (Abyss:3)
  9 wolves
  6 ogres
  2 centaurs (D:15)
  3 killer bees (D:15)
  3 electric eels
  2 orc priests (Orc:1)
  2 starcursed masses (Abyss:3)
  7 orc wizards
  A gnoll (Bailey)
  22 orcs
  2 starspawn tentacles (Abyss:3)
311 creatures vanquished.

Vanquished Creatures (others)
  A spectral storm dragon (Vaults:5)
  5 very ugly thing zombies (Vaults:5)
  A spectral angel (Vaults:3)
  A sphinx zombie (Vaults:4)
  A dancing weapon (Bailey)
  A storm dragon zombie (Vaults:5)
  A ghost moth zombie (Vaults:5)
  A golden dragon zombie (Vaults:5)
  2 anaconda zombies (Snake:2)
  2 death drakes
  An ugly thing zombie (Vaults:3)
  A shadow dragon zombie (Vaults:5)
  4 spectral humans
  An iron dragon zombie (Vaults:5)
  A faun (Shoals:4)
  A mana viper (Snake:2)
  2 frost giant zombies
  A manticore (Shoals:3)
  3 elf zombies
  2 shock serpent zombies
  2 dire elephant zombies
  3 sea snake zombies
  17 human zombies
  A redback zombie (Vaults:5)
  A demonic crawler zombie (D:15)
  A hydra zombie (Lair:5)
  9 harpy zombies
  An ettin zombie (Vaults:5)
  2 meliai zombies (D:15)
  A great orb of eyes zombie (Vaults:3)
  2 guardian serpent zombies (Snake:4)
  A satyr zombie (Shoals:4)
  5 black mamba zombies
  2 slime creature zombies
  5 wind drake zombies
  A spectral orange demon (Abyss:3)
  4 deep troll zombies
  8 merfolk zombies
  A water nymph zombie (Shoals:2)
  A fire bat zombie (Abyss:3)
  3 two-headed ogre zombies
  A faun zombie (Shoals:2)
  A hornet zombie (Lair:5)
  2 dream sheep zombies (Shoals:2)
  An orc warrior (Bailey)
  A spectral hornet (Gauntlet)
  A lindwurm zombie (Vaults:1)
  A manticore zombie (Shoals:4)
  A vampire mosquito zombie (D:12)
  A rime drake zombie (Lair:5)
  2 salamander zombies
  An apocalypse crab zombie (Abyss:3)
  8 yaktaur zombies
  2 hell hound zombies (D:12)
  2 cyclops zombies
  3 water moccasin zombies (Lair:5)
  2 polar bear zombies (IceCv)
  3 troll zombies (Orc:2)
  A raiju zombie (Abyss:3)
  5 yak zombies
  6 wolf zombies
  2 centaur zombies (D:15)
  5 killer bee zombies (D:15)
  6 ogre zombies (Orc:2)
  8 naga zombies
  An orc (D:6)
  3 gnoll zombies (Orc:2)
  22 orc zombies
  A starspawn tentacle (Abyss:3)
197 creatures vanquished.

Grand Total: 1670 creatures vanquished

Notes
Turn   | Place    | Note
-------+----------+-------------------------------------------
     0 | D:1      | Gladio the Formicid Fighter began the quest for the Orb.
     0 | D:1      | Reached XP level 1. HP: 18/18 MP: 1/1
    82 | D:1      | Found a faded altar of an unknown god.
    94 | D:1      | Prayed at the altar of an unknown god.
    94 | D:1      | Became a worshipper of Xom of Chaos
   161 | D:1      | Reached XP level 2. HP: 24/24 MP: 2/2
   404 | D:1      | Reached XP level 3. HP: 30/30 MP: 3/3
   501 | D:1      | XOM: divination: magic mapping
   593 | D:2      | Noticed Robin
   605 | D:1      | XOM: silly message
   746 | D:2      | XOM: cloud trail
   810 | D:2      | Reached skill level 4 in Fighting
   832 | D:2      | Reached XP level 4. HP: 37/37 MP: 4/4
  1048 | D:2      | Killed Robin
  1344 | D:3      | XOM: potion effect (brilliance)
  1396 | D:3      | XOM: fog
  1409 | D:3      | XOM: divination: magic mapping
  1540 | D:3      | Reached XP level 5. HP: 34/43 MP: 5/5
  1594 | D:3      | XOM: cloud trail
  1598 | D:3      | Identified the +0 spear of Certain Death {flame, *Slow
                  | rPois rC++ MP+9}
  1996 | D:4      | Noticed a phantom
  2007 | D:4      | Killed a phantom
  2008 | D:4      | Reached XP level 6. HP: 46/50 MP: 6/6
  2058 | D:4      | Noticed a black bear
  2058 | D:4      | Noticed a black bear
  2066 | D:4      | Killed a black bear
  2067 | D:4      | Reached skill level 5 in Fighting
  2067 | D:4      | Reached skill level 5 in Shields
  2068 | D:4      | Killed a black bear
  2069 | D:4      | Reached XP level 7. HP: 43/56 MP: 7/7
  2076 | D:4      | XOM: give mutations
  2076 | D:4      | Gained mutation: Your spells are a little harder to cast,
                  | but a little more powerful. [Xom's grace]
  2076 | D:4      | Gained mutation: You expend magic power (3 MP) to
                  | strengthen your wands. [Xom's grace]
  2130 | D:4      | Identified the +0 leather armour "Irchur" {Rampage Drain
                  | +Inv Dex+4}
  2702 | D:5      | Entered Level 5 of the Dungeon
  2814 | D:5      | Reached skill level 6 in Fighting
  2884 | D:5      | Noticed a wyvern
  2885 | D:5      | Reached skill level 5 in Staves
  2894 | D:5      | Killed a wyvern
  2895 | D:5      | Reached XP level 8. HP: 54/65 MP: 2/8
  3090 | D:5      | XOM: cloud trail
  3108 | D:5      | XOM: give mutations
  3108 | D:5      | Gained mutation: You are resistant to electric shocks.
                  | (rElec) [Xom's mischief]
  3108 | D:5      | Gained mutation: You are strong-willed. (Will+) [Xom's
                  | mischief]
  3126 | D:5      | Reached skill level 5 in Armour
  3132 | D:5      | Found a staircase to the Ecumenical Temple.
  3146 | Temple   | Entered the Ecumenical Temple
  3207 | D:5      | XOM: enchant monster (good)
  3281 | D:5      | XOM: give mutations
  3281 | D:5      | Gained mutation: Your flesh is cold resistant. (rC+) [Xom's
                  | grace]
  3281 | D:5      | Gained mutation: Your system is resistant to poisons.
                  | (rPois) [Xom's grace]
  3313 | D:5      | XOM is BORED!
  3313 | D:5      | XOM: summons 3 hostile demons
  3446 | D:5      | Found a broken altar of Ashenzari.
  3455 | D:5      | Found a snail-covered altar of Cheibriados.
  3458 | D:5      | XOM: silly message
  3590 | D:5      | Reached skill level 7 in Fighting
  3679 | D:5      | XOM: cloud trail
  3985 | D:6      | Reached XP level 9. HP: 58/72 MP: 9/9
  4040 | D:6      | XOM: summons 4 friendly demons
  4089 | D:6      | XOM: enchant monster (good)
  4102 | D:6      | XOM: polymorph orc wizard -> iguana
  4318 | D:6      | Reached skill level 8 in Fighting
  4474 | D:6      | XOM: scenery: summon butterflies
  4491 | D:6      | XOM: summons friendly white imp
  4497 | D:6      | XOM: summons friendly white imp
  4504 | D:6      | XOM: confusion
  4512 | D:6      | XOM: butterfly on damage
  4958 | D:6      | Found a sparkling altar of Nemelex Xobeh.
  5293 | D:7      | Found a shimmering altar of Xom.
  5293 | D:7      | Found an ancient bone altar of Kikubaaqudgha.
  5293 | D:7      | Found an ornate altar of the Wu Jian Council.
  5354 | D:7      | Found a basalt altar of Yredelemnul.
  5382 | D:7      | Noticed a two-headed ogre
  5389 | D:7      | Killed a two-headed ogre
  5390 | D:7      | Reached skill level 9 in Fighting
  5390 | D:7      | Reached XP level 10. HP: 83/83 MP: 0/10
  5480 | D:7      | Found a bloodstained altar of Trog.
  5563 | D:7      | Found a shimmering blue altar of Sif Muna.
  5572 | D:7      | Got an uncut book
  5584 | D:7      | Found a radiant altar of Vehumet.
  5786 | D:7      | Found a hide-covered altar of Uskayaw.
  5944 | D:7      | XOM: stat loss: -1 Dex (12/13)
  6286 | D:8      | XOM: smoke on damage
  6324 | D:8      | XOM: give mutations
  6324 | D:8      | Gained mutation: You are frail. (-10% HP) [Xom's mischief]
  6324 | D:8      | Lost mutation: Your spells are a little harder to cast, but
                  | a little more powerful. [Xom's mischief]
  6527 | D:8      | XOM: god gift: wand of paralysis (2)
  6762 | D:8      | Found a staircase to the Lair.
  7120 | D:8      | Noticed an orange demon
  7121 | D:8      | Noticed Amaemon
  7140 | D:8      | XOM: noise
  7167 | D:8      | Killed Amaemon
  7168 | D:8      | Reached skill level 10 in Fighting
  7170 | D:8      | Killed an orange demon
  7381 | D:9      | XOM: enchant monster (good)
  7394 | D:9      | XOM: divination: detect items
  7417 | D:9      | Found a blossoming altar of Fedhas.
  7432 | D:9      | Found an opulent altar of Gozag.
  7525 | D:9      | Reached skill level 1 in Maces & Flails
  7672 | D:9      | Reached XP level 11. HP: 80/82 MP: 11/11
  7699 | D:9      | Noticed a two-headed ogre
  7699 | D:9      | XOM: divination: magic mapping
  7705 | D:9      | Killed a two-headed ogre
  7861 | D:9      | XOM: cloud trail
  7903 | D:9      | XOM: scenery: create altars
  7924 | D:9      | Found a flagged portal.
  7939 | D:9      | XOM: scenery: create altars
  7942 | D:9      | Reached skill level 11 in Fighting
  7956 | Bailey   | Entered a bailey
  7976 | Bailey   | XOM: give mutations
  7976 | Bailey   | Gained mutation: You have sharp toenails. [Xom's grace]
  7976 | Bailey   | Gained mutation: You are covered in fur. (AC +1) [Xom's
                  | grace]
  7976 | Bailey   | Gained mutation: Your flesh is very cold resistant. (rC++)
                  | [Xom's grace]
  8074 | Bailey   | XOM: destruction
  8075 | Bailey   | XOM: destruction
  8082 | Bailey   | Noticed an orc warlord
  8094 | Bailey   | XOM: divination: detect creatures
  8107 | Bailey   | XOM: potion effect (invisibility)
  8123 | Bailey   | Killed an orc warlord
  8281 | Bailey   | XOM: god gift: chain mail {god gift}
  8335 | Bailey   | Acquired 1228 gold pieces
  8363 | D:9      | Found a shadowy altar of Dithmenos.
  8520 | D:9      | Found a staircase to the Orcish Mines.
  8607 | D:9      | XOM: give mutation
  8607 | D:9      | Gained mutation: You are somewhat resistant to further
                  | mutation. [Xom's grace]
  8708 | D:9      | XOM is BORED!
  8708 | D:9      | XOM: noise
  9132 | D:10     | Entered Level 10 of the Dungeon
  9220 | D:10     | XOM: noise
  9307 | D:10     | XOM: potion effect (might)
  9313 | D:10     | Reached skill level 10 in Shields
  9387 | D:10     | XOM: divination: detect items
  9396 | D:10     | Reached skill level 5 in Maces & Flails
  9595 | D:10     | Noticed a two-headed ogre
  9611 | D:10     | Killed a two-headed ogre
  9612 | D:10     | Reached skill level 12 in Fighting
  9723 | D:10     | XOM is BORED!
  9925 | D:10     | XOM: destruction
  9933 | D:10     | Reached XP level 12. HP: 73/91 MP: 12/12
 10330 | Lair:1   | Entered Level 1 of the Lair of Beasts
 10447 | Lair:1   | XOM: blink monster(s)
 10489 | Lair:1   | Noticed a skyshark
 10506 | Lair:1   | Killed a skyshark
 10867 | Lair:1   | Identified the +9 plate armour "Rorheazimn" {rF- Dex+8}
 10950 | Lair:1   | XOM: enchant monster (bad)
 10954 | Lair:1   | XOM: enchant monster (good)
 11124 | Lair:1   | XOM is BORED!
 11124 | Lair:1   | XOM: draining
 11209 | Lair:1   | XOM: polymorph cane toad -> hog
 11532 | Lair:1   | XOM: scenery: 1 doors open
 11710 | Lair:2   | XOM: summons 1 hostile shadow creature
 11743 | Lair:2   | Reached skill level 13 in Fighting
 11883 | Lair:2   | XOM: scenery: 1 doors open
 12120 | Lair:2   | XOM: cleaving
 12551 | Lair:3   | Found a gate leading to a gauntlet.
 12566 | Gauntlet | Entered a Gauntlet
 12566 | Gauntlet | Found a transporter.
 12566 | Gauntlet | Found a transporter.
 12566 | Gauntlet | Found a transporter.
 12567 | Gauntlet | Found a transporter.
 12567 | Gauntlet | XOM: give mutations
 12567 | Gauntlet | Lost mutation: You are somewhat resistant to further
                  | mutation. [Xom's grace]
 12567 | Gauntlet | Gained mutation: You have hidden genetic potential. [Xom's
                  | grace]
 12567 | Gauntlet | Gained mutation: Your muscles are strong. (Str +4, Int/Dex
                  | -1) [Xom's grace]
 12569 | Gauntlet | Found a transporter.
 12571 | Gauntlet | Found a transporter.
 12574 | Gauntlet | Noticed a soul eater
 12575 | Gauntlet | Found a runed translucent door.
 12575 | Gauntlet | Noticed a sixfirhy
 12579 | Gauntlet | Found a transporter.
 12579 | Gauntlet | Found a transporter.
 12580 | Gauntlet | Found a transporter.
 12582 | Gauntlet | Found a transporter.
 12584 | Gauntlet | Found a runed translucent door.
 12589 | Gauntlet | Noticed a death drake
 12590 | Gauntlet | Found a transporter.
 12590 | Gauntlet | Found the +3 greatsling "Punk" {acid, rCorr}
 12591 | Gauntlet | Found a transporter.
 12761 | Gauntlet | Identified the amulet "Fuhual" {Reflect rCorr Str-3 Int+9
                  | SH+5}
 12787 | Gauntlet | Killed a sixfirhy
 12876 | Gauntlet | Killed a death drake
 12876 | Gauntlet | XOM: divine lightning
 12877 | Gauntlet | Reached XP level 13. HP: 89/99 MP: 13/13
 13052 | Gauntlet | Identified the amulet of Ojocu {*Corrode Will+ Regen+ Int+2
                  | Dex+2}
 13052 | Gauntlet | Noticed a minotaur
 13059 | Gauntlet | Killed a minotaur
 13108 | Lair:3   | XOM: summons 2 friendly demons
 13112 | Lair:3   | XOM: cleaving
 13214 | Lair:3   | Noticed Sonja
 13230 | Lair:3   | Killed Sonja
 13231 | Lair:3   | Reached skill level 10 in Armour
 13272 | Lair:3   | XOM: scenery: create altars
 13281 | Lair:3   | XOM: cast spell 'Dispersal'
 13410 | Lair:3   | XOM: scenery: create altars
 13455 | Lair:3   | Noticed Gastronok
 13455 | Lair:3   | XOM: god gift: ring of magical power
 13463 | Lair:3   | XOM: cleaving
 13465 | Lair:3   | XOM: destruction
 13470 | Lair:3   | Killed Gastronok
 13471 | Lair:3   | Reached skill level 14 in Fighting
 13640 | Lair:3   | XOM: enchant monster (good)
 13646 | Lair:3   | XOM: destruction
 13657 | Lair:3   | XOM: summons friendly sun demon
 13735 | Lair:3   | Found a staircase to the Shoals.
 13773 | Lair:3   | Found a staircase to the Snake Pit.
 13778 | Lair:3   | XOM: cleaving
 14034 | Lair:4   | XOM: cleaving
 14041 | Lair:4   | XOM: polymorph water moccasin -> centaur
 14045 | Lair:4   | XOM: enchant monster (bad)
 14070 | Lair:4   | Gained mutation: Your mind is acute. (Int +4, Str/Dex -1)
                  | [hidden potential]
 14113 | Lair:4   | Found a runed translucent gate.
 14114 | Lair:4   | Found a runed translucent gate.
 14114 | Lair:4   | Noticed an eight-headed hydra
 14115 | Lair:4   | Found a runed translucent gate.
 14229 | Lair:4   | XOM: confuse monster(s)
 14273 | Lair:4   | XOM: summons friendly crimson imp
 14452 | Lair:4   | Found a staircase to the Slime Pits.
 14485 | Lair:4   | XOM: summons friendly shadow imp
 14549 | Slime:1  | Entered Level 1 of the Pits of Slime
 14549 | Slime:1  | Noticed a quicksilver ooze
 14549 | Slime:1  | XOM: destruction
 14559 | Lair:5   | Entered Level 5 of the Lair of Beasts
 14563 | Lair:5   | XOM: potion effect (might)
 14681 | Lair:5   | XOM: summons 6 friendly demons
 14685 | Lair:5   | XOM: scenery: create altars
 14694 | Lair:5   | XOM: snakes to sticks
 14699 | Lair:5   | Reached skill level 10 in Maces & Flails
 14716 | Lair:5   | Noticed a four-headed hydra
 14726 | Lair:5   | XOM: enchant monster (good)
 14730 | Lair:5   | XOM: polymorph elephant -> death drake
 14736 | Lair:5   | XOM: divine lightning
 14747 | Lair:4   | XOM: divine lightning
 15076 | Lair:4   | Noticed Talonman3's ghost (journeyman DrCj)
 15432 | D:7      | Fell from the grace of Xom
 15432 | D:7      | Became a worshipper of Yredelemnul the Dark
 15584 | Lair:5   | Reached * piety under Yredelemnul
 15677 | Lair:4   | XOM: torment (38/102 hp)
 16087 | Lair:5   | Reached XP level 14. HP: 108/108 MP: 14/14
 16099 | Lair:5   | Reached ** piety under Yredelemnul
 16133 | Lair:5   | Reached skill level 15 in Fighting
 16138 | Lair:5   | Reached *** piety under Yredelemnul
 16152 | Lair:5   | Reached **** piety under Yredelemnul
 16195 | Lair:5   | Reached ***** piety under Yredelemnul
 16303 | Lair:5   | Reached ****** piety under Yredelemnul
 16327 | Lair:5   | Reached skill level 1 in Invocations
 16664 | Lair:5   | XOM: summons 7 hostile demons
 17132 | D:10     | XOM: give mutations
 17132 | D:10     | Gained mutation: You possess an exceptional clarity of
                  | mind. [Xom's mischief]
 17132 | D:10     | Lost mutation: Your system is resistant to poisons. (rPois)
                  | [Xom's mischief]
 17132 | D:10     | Lost mutation: You possess an exceptional clarity of mind.
                  | [Xom's mischief]
 17211 | D:11     | Gained mutation: You possess an exceptional clarity of
                  | mind. [hidden potential]
 17211 | D:11     | Lost mutation: You have hidden genetic potential. [hidden
                  | potential expressed]
 17314 | D:11     | Found a frozen archway.
 17402 | IceCv    | Entered an ice cave
 17854 | IceCv    | Reached skill level 16 in Fighting
 18124 | IceCv    | Noticed a frost giant
 18166 | IceCv    | Killed a frost giant
 18272 | IceCv    | Found the +8 Wrath of Trog {antimagic, *Rage Rampage}
 18305 | IceCv    | XOM: noise
 18510 | D:11     | Reached XP level 15. HP: 117/117 MP: 18/18
 18515 | D:11     | XOM: summons 1 hostile shadow creature
 19026 | D:12     | Noticed Azrael
 19070 | D:12     | Killed Azrael
 19194 | D:12     | Found an opulent altar of Gozag.
 19740 | D:12     | Reached skill level 5 in Invocations
 19741 | D:12     | Noticed Josephine
 19760 | D:12     | Killed Josephine
 19760 | D:12     | Charmed Josephine
 19865 | D:12     | Noticed Maurice
 19877 | D:12     | Killed Maurice
 20939 | D:14     | XOM: give mutations
 20939 | D:14     | Gained mutation: Your magical capacity is low. (-10% MP)
                  | [Xom's mischief]
 20939 | D:14     | Lost mutation: Your flesh is very cold resistant. (rC++)
                  | [Xom's mischief]
 20939 | D:14     | Lost mutation: Your flesh is cold resistant. (rC+) [Xom's
                  | mischief]
 20939 | D:14     | Gained mutation: You are vulnerable to cold. (rC-) [Xom's
                  | mischief]
 20939 | D:14     | Lost mutation: Your muscles are strong. (Str +4, Int/Dex
                  | -1) [Xom's mischief]
 21056 | D:14     | Found a gate to the Vaults.
 21213 | D:14     | Reached skill level 17 in Fighting
 21728 | D:14     | XOM: give mutation
 21728 | D:14     | Gained mutation: You have hidden genetic potential. [Xom's
                  | mischief]
 21753 | Abyss:3  | Cast into level 3 of the Abyss (a wizard)
 21819 | Abyss:3  | XOM: give mutation
 21819 | Abyss:3  | Lost mutation: You are covered in fur. (AC +1) [Xom's
                  | mischief]
 21956 | Abyss:3  | Noticed a tentacled starspawn
 21970 | Abyss:3  | Killed a tentacled starspawn
 21983 | D:14     | Escaped the Abyss
 22387 | D:14     | XOM: divination: detect items
 22434 | D:14     | XOM: scenery: 1 doors close
 22480 | D:15     | Entered Level 15 of the Dungeon
 22503 | D:15     | Reached XP level 16. HP: 128/128 MP: 19/19
 22656 | D:15     | Reached skill level 18 in Fighting
 23208 | D:15     | XOM: chaos upgrade
 23213 | D:15     | Found a staircase to the Depths.
 23927 | D:15     | XOM: scenery: 1 doors close
 24050 | Orc:1    | Entered Level 1 of the Orcish Mines
 24086 | Orc:1    | XOM: give mutations
 24086 | Orc:1    | Gained mutation: You are partially covered in iridescent
                  | scales. (AC +2) [Xom's grace]
 24086 | Orc:1    | Lost mutation: Your magical capacity is low. (-10% MP)
                  | [Xom's grace]
 24086 | Orc:1    | Gained mutation: Your flesh is heat resistant. (rF+) [Xom's
                  | grace]
 24154 | Orc:1    | Gained mutation: Your flesh is very heat resistant. (rF++)
                  | [hidden potential]
 24451 | Orc:2    | Entered Level 2 of the Orcish Mines
 24512 | Orc:2    | Found a staircase to the Elven Halls.
 24882 | Orc:2    | XOM: silly message
 24996 | Orc:2    | Found Popeloz's Antique Weapon Shoppe.
 25042 | Orc:2    | Reached skill level 19 in Fighting
 25052 | Orc:2    | Your ally Josephine died
 25061 | Orc:2    | Found Betamisuogg's General Store.
 25062 | Orc:2    | Found Tuops's Jewellery Shop.
 25215 | Orc:2    | Bought a scroll of enchant armour for 105 gold pieces
 25218 | Orc:2    | Found Hyrav's Antique Weapon Emporium.
 25436 | Orc:2    | Bought a scroll of acquirement for 728 gold pieces
 25445 | Orc:2    | Acquired a manual of Armour
 25605 | Snake:1  | Entered Level 1 of the Snake Pit
 25758 | Orc:2    | Bought a ring of poison resistance for 280 gold pieces
 25821 | D:8      | Reached XP level 17. HP: 137/137 MP: 24/24
 25945 | Snake:1  | Reached XP level 18. HP: 144/144 MP: 25/25
 26028 | Snake:1  | Reached skill level 10 in Invocations
 26566 | Snake:1  | XOM: draining
 26593 | Snake:1  | Noticed Louise
 26605 | Snake:1  | Killed Louise
 26605 | Snake:1  | Charmed Louise
 26750 | Snake:1  | Identified the +9 hand axe "Afeshraon" {venom, rF+ rN++
                  | Dex+3}
 26821 | Snake:1  | XOM: give mutations
 26821 | Snake:1  | Lost mutation: You have hidden genetic potential. [Xom's
                  | mischief]
 26821 | Snake:1  | Lost mutation: You have sharp toenails. [Xom's mischief]
 26821 | Snake:1  | Lost mutation: Your mind is acute. (Int +4, Str/Dex -1)
                  | [Xom's mischief]
 26863 | Snake:1  | XOM: give mutations
 26863 | Snake:1  | Lost mutation: Your flesh is very heat resistant. (rF++)
                  | [Xom's mischief]
 26863 | Snake:1  | Lost mutation: You are partially covered in iridescent
                  | scales. (AC +2) [Xom's mischief]
 26901 | Snake:1  | XOM: noise
 26960 | Snake:1  | Lost mutation: You are resistant to electric shocks.
                  | (rElec) [potion of mutation]
 26960 | Snake:1  | Lost mutation: You possess an exceptional clarity of mind.
                  | [potion of mutation]
 26960 | Snake:1  | Lost mutation: You are strong-willed. (Will+) [potion of
                  | mutation]
 26960 | Snake:1  | Gained mutation: Armour fits poorly on your strangely
                  | shaped body. [potion of mutation]
 26960 | Snake:1  | Gained mutation: Your spells are a little harder to cast,
                  | but a little more powerful. [potion of mutation]
 26961 | Snake:1  | Lost mutation: You are frail. (-10% HP) [potion of
                  | mutation]
 26961 | Snake:1  | Lost mutation: You expend magic power (3 MP) to strengthen
                  | your wands. [potion of mutation]
 26961 | Snake:1  | Lost mutation: You are vulnerable to cold. (rC-) [potion of
                  | mutation]
 26961 | Snake:1  | Gained mutation: You have an increased reservoir of magic.
                  | (+10% MP) [potion of mutation]
 26961 | Snake:1  | Gained mutation: You occasionally shout uncontrollably at
                  | your foes. [potion of mutation]
 26961 | Snake:1  | Gained mutation: You are partially covered in iridescent
                  | scales. (AC +2) [potion of mutation]
 26962 | Snake:1  | Lost mutation: Your flesh is heat resistant. (rF+) [potion
                  | of mutation]
 26962 | Snake:1  | Lost mutation: You occasionally shout uncontrollably at
                  | your foes. [potion of mutation]
 26962 | Snake:1  | Lost mutation: You are partially covered in iridescent
                  | scales. (AC +2) [potion of mutation]
 26962 | Snake:1  | Gained mutation: You are agile. (Dex +4, Str/Int -1)
                  | [potion of mutation]
 26962 | Snake:1  | Gained mutation: You are very agile. (Dex +8, Str/Int -2)
                  | [potion of mutation]
 27338 | Snake:2  | Reached skill level 15 in Shields
 27368 | Snake:2  | Reached skill level 15 in Armour
 27371 | Snake:2  | XOM: give mutations
 27371 | Snake:2  | Gained mutation: You occasionally lose the ability to read
                  | scrolls when taking damage. [Xom's mischief]
 27371 | Snake:2  | Lost mutation: Armour fits poorly on your strangely shaped
                  | body. [Xom's mischief]
 27377 | Snake:2  | Found a runed translucent door.
 27377 | Snake:2  | Noticed Ciar's ghost (adept GrCj)
 27409 | Snake:2  | XOM: noise
 27960 | Snake:2  | Reached skill level 20 in Fighting
 28189 | Snake:2  | Was forgiven by Xom
 28480 | Snake:2  | Killed Ciar's ghost
 28703 | Snake:3  | Noticed Jorgrun
 28721 | Snake:3  | Killed Jorgrun
 29476 | Snake:4  | Entered Level 4 of the Snake Pit
 29476 | Snake:4  | Found a burning altar of Makhleb.
 29488 | Snake:4  | Found Natifem's Weapon Shoppe.
 29491 | Snake:4  | Noticed Mara
 30097 | Snake:4  | Reached XP level 19. HP: 150/170 MP: 30/30
 30174 | Snake:4  | Identified the +3 kite shield "Vibbama" {Will++}
 30174 | Snake:4  | Noticed Donald
 30178 | Snake:4  | Killed Mara
 30187 | Snake:4  | Killed Donald
 30213 | Snake:4  | Identified the +3 flail "Batulu" {pain, rF- rCorr Str+4}
 30255 | Snake:4  | Bought 2 silver javelins for 270 gold pieces
 30535 | Snake:4  | Reached skill level 21 in Fighting
 30570 | Snake:4  | Noticed Vashnia
 30596 | Snake:4  | Killed Vashnia
 30600 | Snake:4  | Your ally Donald died
 31064 | Snake:4  | Got a serpentine rune of Zot
 31394 | Shoals:1 | Entered Level 1 of the Shoals
 31507 | Shoals:1 | Identified the +7 quarterstaff of Yrreviniji {pain, rElec
                  | SInv}
 32135 | Shoals:1 | Noticed Aizul
 32148 | Shoals:1 | Killed Aizul
 32573 | Shoals:2 | Reached skill level 22 in Fighting
 32581 | Shoals:2 | Reached XP level 20. HP: 81/182 MP: 32/32
 33088 | Shoals:2 | Found Kutaxent's Firing Range.
 33279 | Shoals:2 | Bought 3 silver javelins for 378 gold pieces
 33506 | Abyss:3  | Cast into level 3 of the Abyss (merfolk impaler)
 33521 | Abyss:3  | Noticed a bone dragon
 33705 | Shoals:3 | Escaped the Abyss
 34274 | Shoals:3 | Identified the +0 robe "Leatauci" {rElec}
 34761 | Shoals:4 | Entered Level 4 of the Shoals
 35162 | Shoals:4 | Reached skill level 23 in Fighting
 35586 | Shoals:4 | Got a barnacled rune of Zot
 35934 | Elf:1    | Entered Level 1 of the Elven Halls
 36258 | Vaults:1 | Entered Level 1 of the Vaults
 36281 | Vaults:1 | Reached XP level 21. HP: 174/192 MP: 34/34
 36693 | Vaults:1 | Found a magical portal.
 36733 | WizLab   | Entered Wucad Mu's Monastery
 36837 | WizLab   | Found the crystal ball of Wucad Mu {*channel}
 37082 | WizLab   | Reached skill level 24 in Fighting
 37082 | WizLab   | Reached XP level 22. HP: 202/202 MP: 35/35
 38850 | Vaults:2 | Noticed Margery
 39051 | Vaults:2 | Your ally Louise died
 39066 | Vaults:2 | Reached skill level 25 in Fighting
 39068 | Vaults:2 | Killed Margery
 39069 | Vaults:2 | You fall into a shaft and drop 1 floor!
 39611 | Vaults:2 | Found a glowing silver altar of Zin.
 40033 | Vaults:2 | Found a staircase to the Crypt.
 40119 | Vaults:2 | Found a glowing golden altar of the Shining One.
 40119 | Vaults:2 | Found a white marble altar of Elyvilon.
 40624 | Vaults:2 | Reached skill level 26 in Fighting
 41151 | Vaults:3 | Reached XP level 23. HP: 215/215 MP: 36/36
 41812 | Vaults:3 | Found Ypuckipn's General Store.
 41820 | Vaults:3 | Bought a potion of might for 68 gold pieces
 41830 | Vaults:3 | Noticed Saint Roka
 41849 | Vaults:3 | Killed Saint Roka
 41849 | Vaults:3 | Charmed Saint Roka
 41954 | Vaults:3 | Reached skill level 27 in Fighting
 42794 | Vaults:4 | Found Pyehintuer's Jewellery Shoppe.
 43046 | Vaults:4 | Noticed Bai Suzhen
 43061 | Vaults:4 | Killed Bai Suzhen
 43061 | Vaults:4 | Charmed Bai Suzhen
 43648 | Vaults:4 | Found Saxifrih's Antique Armour Boutique.
 44020 | Vaults:4 | Reached XP level 24. HP: 200/227 MP: 37/37
 44133 | Vaults:4 | Found Ypluh's Magic Scroll Shop.
 44141 | Vaults:4 | Bought a scroll of fear for 88 gold pieces
 44141 | Vaults:4 | Bought a scroll of enchant armour for 165 gold pieces
 44141 | Vaults:4 | Bought a scroll of fear for 88 gold pieces
 44177 | Vaults:4 | Found Juharos's Book Emporium.
 44374 | Vaults:5 | Entered Level 5 of the Vaults
 44383 | Vaults:5 | Your ally Bai Suzhen died
 44385 | Vaults:5 | Reached skill level 15 in Invocations
 44388 | Vaults:5 | Noticed an ancient lich
 44390 | Vaults:5 | Noticed an ancient lich
 44715 | Vaults:4 | You fall into a shaft and drop 1 floor!
 45233 | Vaults:5 | Identified the ring "Misudihe" {Fire rElec rN+ Int-4 SInv}
 45248 | Vaults:5 | Noticed a golden dragon
 45267 | Vaults:5 | Noticed a dread lich
 45279 | Vaults:5 | Killed a golden dragon
 45333 | Vaults:5 | Killed a dread lich
 45850 | Vaults:5 | Identified the +3 ring mail "Caroruir" {Int+3}
 45881 | Vaults:5 | Identified the +9 battleaxe of Purpose {pain, Int+3}
 46012 | Vaults:5 | Noticed a golden dragon
 46025 | Vaults:5 | Killed a golden dragon
 46474 | Vaults:5 | Killed an ancient lich
 46486 | Vaults:5 | Identified the +9 morningstar "Wulacar" {venom, rN+ Will-
                  | Dex+4}
 46562 | Vaults:5 | Reached XP level 25. HP: 44/234 MP: 36/38
 46583 | Vaults:5 | Killed from afar by an ironbound thunderhulk

Illustrated notes

Levels and vault maps discovered:
D:1:      amcnicky_arrival_choice, layout_loops_cross,
          shapermc_ecumenical_altar_mp_ritualfount
D:2:      layout_basic, minmay_cut_off, uniq_robin
D:3:      layout_basic
D:4:      layout_cave_pods, kennysheep_minor_cross, hangedman_feature_mirror
D:5:      layout_basic, mainiacjoe_overflow_swirl,
          minmay_temple_entry_offerings, kennysheep_generic_room_16
D:6:      layout_loops_ring, kennysheep_little_box
D:7:      layout_loops_ring, nzn_overflow_gifts_of_might_and_magic,
          gammafunk_temple_overflow_claw, mainiacjoe_overflow_catwalk,
          nicolae_uskayaw_suspiria, nicolae_vehumet_radiance
D:8:      layout_basic, lair_entry_dummy, fountainhead, uniq_amaemon
D:9:      minmay_razor_zed, layout_basic, mainiacjoe_overflow_catch_the_wave,
          lemuel_tele_altar, orc_0_dummy, enter_bailey_2
D:10:     layout_stronghold
D:11:     layout_basic, portal_ice_cave_demonic_guard
D:12:     layout_basic, grunt_gozag_statues, uniq_josephine, uniq_azrael,
          uniq_maurice
D:13:     layout_loops_ring
D:14:     layout_loops_corners, hellmonk_vaults_attempted_burglary,
          dreamdust_mushroom_princess
D:15:     hangedman_depths_entry_civil_slaughter, layout_grid_maze,
          serial_glass, glass_columns_c, glass_columns_a, hex_tiny, special_room
          [special_room_bee], einodemon_crawler_minivault
Temple:   pf_temple_reverse_labyrinth
Lair:1:   layout_regular_city
Lair:2:   layout_chaotic_city, serial_bayou_shore_b
Lair:3:   layout_long_grid, elwin_shoals_entry_rooms,
          nicolae_snake_entry_warm_welcome, gauntlet_entry_generic, uniq_sonja,
          uniq_gastronok
Lair:4:   layout_regular_city, slime_entry_1, gammafunk_ghost_split
Lair:5:   gammafunk_lair_ancient_temple, layout_loops_ring,
          chequers_serial_rivers_micro_e
Shoals:1: layout_shoals, uniq_aizul
Shoals:2: layout_shoals, nicolae_shop_firing_range
Shoals:3: layout_shoals
Shoals:4: shoals_end_hellmonk_lost_city
Snake:1:  layout_layer_cave, st_stairs_5, uniq_louise
Snake:2:  layout_rooms, ebering_ghost_reflecting_pool, serial_bayou_lagoon_b
Snake:3:  layout_onion, st_stairs_7, uniq_jorgrun
Snake:4:  grunt_snake_rune_spirals, layout_onion_interference, basic_altar,
          serial_shops, nicolae_shop_bloodbath_and_beyond, uniq_donald,
          uniq_vashnia, uniq_mara
Slime:1:  layout_caves, nicolae_slime_getting_an_eyeful
Orc:1:    layout_caves, mines2_david
Orc:2:    st_orc_open, layout_caves
Elf:1:    elf_arrival_002, layout_geoelf_diagonals, minmay_elf_necromancy
Vaults:1: lightli_enter_wizlab_magi_temple, v_pattern_2, nicolae_vaults_two_Ls,
          nicolae_vaults_trapezoid_lopsided_3, st_check, hangedman_vaults_pinch,
          hangedman_vaults_trim, nicolae_vaults_closet_pinwheel_2,
          ontoclasm_vaults_shuriken, nicolae_vaults_trapezoid_lopsided_3,
          nicolae_vaults_sightless_eye, nicolae_vaults_surprise_closet,
          layout_vaults_chaotic_city
Vaults:2: portal_desolation_entry_holy_temple, nicolae_vaults_enemy_cabinets,
          nicolae_vaults_alarming, minmay_crypt_entry_simple_corners, v_misc_25,
          grunt_vaults_twisty, ontoclasm_vaults_ring_square,
          nicolae_vaults_six-pack, hangedman_vaults_restitches,
          layout_vaults_quadrants, uniq_margery
Vaults:3: hangedman_vaults_maws, nicolae_vaults_mitosis,
          vaults_mumra_minichess_inversion, v_rooms_5, vaults_room_large_hall,
          nicolae_vaults_network_quinsquares
          [nicolae_vaults_network_quincunx_subvault,
          nicolae_vaults_network_quincunx_subvault,
          nicolae_vaults_network_quincunx_subvault,
          nicolae_vaults_network_quincunx_subvault], v_misc_27,
          nicolae_vaults_lightning_bolt, st_star,
          nicolae_vaults_little_squares_6, vaults_room_hallway,
          nicolae_vaults_trapezoid_3, layout_vaults_maze_snakey, serial_shops,
          shop, uniq_saint_roka
Vaults:4: hangedman_vaults_nodes, grunt_vaults_swirl, vaults_mumra_hexcomb,
          v_misc_2, st_cross, grunt_vaults_trifunnel, v_misc_27,
          nicolae_vaults_prndl, nicolae_vaults_tetromino_L_2,
          layout_vaults_omnibox, serial_shops, nicolae_shop_peninsula,
          nicolae_shop_gibbet_a_chance, nicolae_shop_advertising_works
          [nicolae_subvault_shop_adworks], shop, uniq_bai_suzhen
Vaults:5: serial_shops

Skill      XL: |  1  2  3  4  5  6  7  8  9 10 11 12 13 14 15 16 17 18 19 20 21 22 23 24 |
---------------+-------------------------------------------------------------------------+-----
Fighting       | 4 5 6 7 9 10 12 13 14 16 17 19 20 22 23 24 26 27 | 27.0
Staves         | 3 4 5 6 7 9 |  9.1
Armour         | 4 5 6 7 8 9 10 11 12 14 16 17 19 20 21 22 | 22.7
Shields        | 5 6 7 9 10 11 12 14 15 17 18 19 21 22 | 22.6
Maces & Flails | 1 5 8 10 12 13 14 | 14.7
Invocations    | 4 7 9 11 13 14 16 | 16.3
Throwing       | 2 |  2.2

Action                     |  1- 3 |  4- 6 |  7- 9 | 10-12 | 13-15 | 16-18 | 19-21 | 22-24 | 25-27 || total
---------------------------+-------+-------+-------+-------+-------+-------+-------+-------+-------++-------
  Melee: Quarterstaff      |    59 |   125 |   280 |   131 |       |       |       |       |       ||   595
         Demon whip        |       |       |       |   595 |  1170 |   799 |   920 |  1382 |       ||  4866
  Throw: Javelin           |       |       |       |       |     2 |       |       |    27 |       ||    29
 Invoke: Recall Undead Har |       |       |       |       |     3 |     3 |     6 |     9 |       ||    21
         Drain Life        |       |       |       |       |     1 |     2 |     8 |     5 |       ||    16
         Bind Soul         |       |       |       |       |     1 |     1 |       |     3 |       ||     5
         Dark Bargain      |       |       |       |       |       |     3 |       |     8 |       ||    11
Ability: Shaft Self        |       |       |       |       |       |       |       |     2 |       ||     2
  Evoke: Wand              |       |     1 |     8 |     8 |       |     2 |       |     3 |       ||    22
         Phantom mirror    |       |       |       |       |     2 |     1 |     1 |     1 |       ||     5
         Lightning rod     |       |       |       |       |       |       |     1 |       |       ||     1
    Use: Scroll            |       |     2 |     2 |    19 |     8 |     9 |     5 |    10 |       ||    55
         Potion            |       |     1 |     1 |     1 |     5 |     5 |     3 |     8 |     1 ||    25
   Stab: Paralysed         |       |       |       |     1 |     2 |       |       |       |       ||     3
         Invisible         |       |       |       |     4 |       |       |       |     1 |       ||     5
         Distracted        |       |       |       |     1 |     8 |    17 |    26 |    35 |       ||    87
         Confused          |       |       |       |       |     1 |       |       |       |       ||     1
 Armour: Chain mail        |    33 |    73 |    78 |       |       |       |       |       |       ||   184
         Plate armour      |       |       |    34 |   273 |   515 |   272 |   442 |   467 |     3 ||  2006
  Dodge: Dodged            |    20 |    30 |   115 |   261 |   317 |   106 |   116 |   175 |       ||  1140
  Block: Buckler           |    30 |    62 |   124 |   331 |   474 |       |       |       |       ||  1021
         Reflection        |     1 |       |     1 |     9 |    10 |    49 |    89 |    60 |       ||   219
         Tower shield      |       |       |       |       |       |   768 |   435 |  1428 |       ||  2631
         Kite shield       |       |       |       |       |       |       |   481 |       |       ||   481

Table legend: (Time is in decaauts)
 A = Elapsed time spent in this place.
 B = Non-inter-level travel time spent in this place.
 C = Inter-level travel time spent in this place.
 D = Time resting spent in this place.
 E = Time spent auto-exploring this place.
 F = Levels seen in this place.
 G = Mean time per level.
                   A        B        C        D        E       F      G
               +--------+--------+--------+--------+--------+-----+--------+
         Total |  50520 |  45535 |   4985 |    377 |  36605 |  44 | 1148.2 |
       Dungeon |  16814 |  15407 |   1407 |      2 |  13052 |  15 | 1120.9 |
        Temple |      1 |      1 |      0 |      0 |      0 |   1 |    1.0 |
          Lair |   6464 |   5606 |    858 |      0 |   4716 |   5 | 1292.8 |
        Shoals |   4953 |   4531 |    422 |      0 |   3726 |   4 | 1238.2 |
     Snake Pit |   7086 |   6442 |    644 |    100 |   5276 |   4 | 1771.5 |
    Slime Pits |      1 |      1 |      0 |      0 |      0 |   1 |    1.0 |
  Orcish Mines |   2182 |   1723 |    459 |      0 |   1453 |   2 | 1091.0 |
   Elven Halls |      5 |      5 |      0 |      0 |      0 |   1 |    5.0 |
        Vaults |  10422 |   9230 |   1192 |    275 |   7042 |   5 | 2084.4 |
         Abyss |    350 |    350 |      0 |      0 |     17 |   2 |  175.0 |
        Bailey |    368 |    368 |      0 |      0 |     88 |   1 |  368.0 |
      Ice Cave |    914 |    914 |      0 |      0 |    642 |   1 |  914.0 |
        Wizlab |    458 |    458 |      0 |      0 |    300 |   1 |  458.0 |
      Gauntlet |    496 |    496 |      0 |      0 |    290 |   1 |  496.0 |
               +--------+--------+--------+--------+--------+-----+--------+

Top non-repeatable levels by time:
Vaults:1: 2340 daAuts
 Snake:4: 2194 daAuts
 Snake:1: 2189 daAuts
Vaults:4: 2132 daAuts
Vaults:2: 2080 daAuts
Vaults:3: 1942 daAuts
Vaults:5: 1926 daAuts
   Orc:2: 1701 daAuts
  Lair:4: 1670 daAuts
    D:15: 1602 daAuts
Shoals:2: 1576 daAuts
    D:14: 1520 daAuts
     D:9: 1491 daAuts
  Lair:1: 1490 daAuts
     D:8: 1483 daAuts
